 Dungeon Crawl Stone Soup version 0.30-a0-1093-gcfb1e0cf12 (webtiles) character file.

Game seed: 7695538398657653153

18974 Anamonty the Unseen (level 12, -1/74 HPs)
             Began as a Vampire Enchanter on Apr 17, 2023.
             Was an Initiate of Gozag.
             Slain by a six-headed hydra (10 damage)
             ... on level 13 of the Dungeon.
             The game lasted 00:26:36 (13096 turns).

Anamonty the Unseen (Vampire Enchanter)            Turns: 13096, Time: 00:26:37

Health: -1/74      AC:  7    Str:  9    XL:     12   Next: 32%
Magic:  20/23      EV: 19    Int: 18    God:    Gozag
Gold:   1879       SH:  0    Dex: 23    Spells: 14/25 levels left

rFire   . . .      SeeInvis +    S - +2 dagger (venom)
rCold   + . .      Faith    .    (no shield)
rNeg    . . .      Spirit   .    L - +1 robe {rC+}
rPois   .          Reflect  .    R - +1 hat
rElec   .          Rampage  .    q - +0 cloak
rCorr   .                        k - +1 pair of gloves
Will    +....                    (no boots)
Stlth   +++++++                  (no amulet)
HPRegen 0.52/turn                v - +6 ring of dexterity
MPRegen 0.18/turn                (no ring)

@: confusing by touch, healing quickly, studying Ice Magic
A: alive, fangs 3, see invisible, vampiric 2
a: Exsanguinate, Renounce Religion, Potion Petition, Call Merchant, Bribe Branch


You were on level 13 of the Dungeon.
You worshipped Gozag.
Gozag was most pleased with you.
You visited 2 branches of the dungeon, and saw 14 of its levels.
You also visited: Ossuary.

You collected 2324 gold pieces.
You spent 366 gold pieces at shops.
You paid 79 gold pieces to Gozag.

Inventory:

Hand Weapons
 S - a +2 dagger of venom (weapon)
Missiles
 A - 3 throwing nets (quivered)
Armour
 k - a +1 pair of gloves (worn)
 q - a +0 cloak (worn)
 w - the scarf of a Gauntlet {+Inv, rPois Regen+ Str-4}
   (You found it on level 4 of the Dungeon)

   Str:       It affects your strength (-4).
   rPois:     It protects you from poison.
   Regen:     It increases your rate of health regeneration.
 B - the +2 pair of gloves of Ticheuneg {rPois rF- rN+ Int+5}
   (You bought it in a shop on level 6 of the Dungeon)

   Int:       It affects your intelligence (+5).
   rF:        It makes you vulnerable to fire.
   rPois:     It protects you from poison.
   rN:        It protects you from negative energy.
 L - a +1 robe of cold resistance (worn)
 P - a +2 robe of willpower
 R - a +1 hat (worn)
Jewellery
 v - a +6 ring of dexterity (left hand)
 O - an amulet of magic regeneration
Wands
 y - a wand of iceblast (14)
 z - a wand of mindburst (11)
 E - a wand of light (20)
 I - a wand of charming (3)
 K - a wand of flame (19)
Scrolls
 d - a scroll of magic mapping
 g - a scroll of summoning {unknown}
 h - a scroll of blinking {unknown}
 o - 2 scrolls of immolation
 p - 4 scrolls of enchant weapon
 s - 4 scrolls of identify
 u - 5 scrolls of teleportation
 D - 2 scrolls of fear {unknown}
 F - a scroll of enchant armour {unknown}
 G - 2 scrolls of poison {unknown}
 H - 4 scrolls of amnesia {unknown}
 J - a scroll of noise {unknown}
 N - a scroll of brand weapon {unknown}
 Q - 2 scrolls of vulnerability {unknown}
Potions
 b - 3 potions of flight {unknown}
 c - 3 potions of invisibility
 e - 6 potions of heal wounds
 f - a potion of magic {unknown}
 i - 8 potions of curing
 j - 2 potions of degeneration
 l - 3 potions of haste
 m - 2 potions of attraction
 n - a potion of resistance {unknown}
 r - 2 potions of mutation {unknown}
 x - 6 potions of brilliance
 C - a potion of cancellation {unknown}
 M - 2 potions of ambrosia {unknown}


   Skills:
 + Level 8.6 Short Blades
 + Level 9.1 Dodging
 * Level 17.1 Stealth
 + Level 7.4 Spellcasting
 * Level 15.9 Hexes


You had 14 spell levels left.
You knew the following spells:

 Your Spells              Type           Power      Damage    Failure   Level
a - Tukima's Dance        Hex            59%        N/A       1%          3
b - Confusing Touch       Hex            59%        N/A       1%          3
c - Ensorcelled Hibernat  Hex/Ice        70%        N/A       1%          2
d - Dazzling Flash        Conj/Hex       70%        N/A       1%          3

Your spell library contained the following spells:

 Spells                   Type           Power      Damage    Failure   Level
 Portal Projectile        Hex/Tloc       70%        N/A       1%          3
 Fulminant Prism          Conj/Hex       17%        3d10      3%          4
 Magic Dart               Conj           24%        1d4       11%         1
 Searing Ray              Conj           12%        2d4       16%         2
 Stone Arrow              Conj/Erth      12%        3d7       30%         3
 Animate Armour           Summ/Erth      12%        N/A       71%         4
 Blade Hands              Tmut           3%         N/A       96%         5
 Lehudib's Crystal Spear  Conj/Erth      3%         10d2      100%        8


Dungeon Overview and Level Annotations

Branches:
Dungeon (13/15)            Temple (1/1) D:5             Orc (0/2) D:12
Ossuary (visited)
   Lair: D:8-11      Vaults: D:13-14

Altars:
Ashenzari
Cheibriados
Dithmenos
Gozag
Makhleb
Nemelex Xobeh
Qazlal
Trog
Uskayaw
Vehumet
Wu Jian
Xom

Shops:
D:4 *   D:6 ![:![   D:11 *

Annotations:
D:5 3 runed translucent doors, nakedcarnage's ghost, novice OpCK
D:9 2 transporters, iVAG's ghost, journeyman MiBe


Innate Abilities, Weirdness & Mutations

Your natural rate of healing is accelerated.
You have razor-sharp teeth.
You have supernaturally acute eyesight. (SInv)
You are afflicted with vampirism and can become a bat while bloodless.


Message History

You see here a +0 giant club.
You now have 1869 gold pieces (gained 11).
You now have 1879 gold pieces (gained 10).
A six-headed hydra comes into view.
A six-headed hydra is nearby!
A six-headed hydra is nearby!
The six-headed hydra roars!
Casting: Confusing Touch (safe; 1% risk of failure)
Confirm with . or Enter, or press ? or * to list all spells.
Your hands begin to glow red.
The six-headed hydra bites you!
The six-headed hydra closely misses you.
The six-headed hydra bites you!
The six-headed hydra bites you but does no damage.
The six-headed hydra bites you.
The six-headed hydra closely misses you.
You barely miss the six-headed hydra.
The six-headed hydra bites you but does no damage.
The six-headed hydra closely misses you.
The six-headed hydra completely misses you.
The six-headed hydra bites you but does no damage.
The six-headed hydra misses you. The six-headed hydra bites you!
You hit the six-headed hydra but do no damage.
You bite the six-headed hydra, but do no damage.
You hit the six-headed hydra but do no damage.
The six-headed hydra bites you. The six-headed hydra bites you!
The six-headed hydra closely misses you.
The six-headed hydra bites you but does no damage.
The six-headed hydra bites you.
The six-headed hydra closely misses you.
You barely miss the six-headed hydra.
You hit the six-headed hydra but do no damage.
The six-headed hydra bites you!
* * * LOW HITPOINT WARNING * * *
The six-headed hydra barely misses you. The six-headed hydra bites you.
* * * LOW HITPOINT WARNING * * *
The six-headed hydra bites you.
* * * LOW HITPOINT WARNING * * *
The six-headed hydra barely misses you. The six-headed hydra bites you!
You die...
Your body crumbles into a pile of gold.

#..# ##.#### ..
######.##### #))....
...#..........#
#......
..#..........###......
.............#).......
$ #..........#.#......
$ #............#......
#.......[..###......
#.D@.......# #......
#..........# #......
############ #......
#######


You could see a six-headed hydra.

Vanquished Creatures
  Erica (D:8)
  A centaur warrior (D:13)
  2 two-headed ogres
  2 boulder beetles
  Pikel (D:5)
  2 deep elf pyromancers
  3 cyclopes
  2 manticores (D:11)
  2 ugly things
  2 kobold demonologists (D:11)
  2 trolls
  Prince Ribbit (D:7)
  3 wyverns
  A vampire (D:13)
  4 wraiths
  8 yaks
  A human (D:12)
  A basilisk (D:11)
  Menkaure (D:7)
  2 steam dragons
  5 vampire mosquitoes
  4 orc warriors
  2 water moccasins
  A sky beast (D:7)
  4 ice beasts
  2 black bears (D:8)
  2 ogres (D:5)
  2 phantoms
  6 centaurs
  3 lemures (D:5)
  2 kobold brigands
  A bullfrog (D:7)
  2 gnoll sergeants
  6 wights
  7 killer bees
  6 howler monkeys
  Crazy Yiuf (D:2)
  6 hounds
  A jelly (D:8)
  2 gnoll boudas
  6 orc priests
  A sleepcap (D:5)
  Jessica (D:2)
  2 iguanas (D:5)
  Natasha (twice) (D:2)
  12 orc wizards
  11 gnolls
  6 adders
  A shadow imp (D:7)
  3 white imps
  An adder zombie (Ossuary)
  A worm (D:3)
  2 dart slugs
  33 orcs
  5 endoplasms
  6 giant cockroaches
  13 goblins
  6 hobgoblins
  10 jackals
  13 kobolds
  4 quokkas
  2 ball pythons (D:1)
  A ball python skeleton (Ossuary)
  5 bats
  2 frilled lizards
  2 hobgoblin skeletons (Ossuary)
  A hobgoblin zombie (Ossuary)
  2 kobold zombies (Ossuary)
  An orc skeleton (Ossuary)
  2 orc zombies (Ossuary)
  4 rats
268 creatures vanquished.

Vanquished Creatures (collateral kills)
  2 two-headed ogres
  Psyche (D:10)
  Sigmund (D:2)
  2 orc warriors (D:12)
  An ogre (D:3)
  2 centaurs
  4 wights (D:9)
  A howler monkey (D:8)
  An orc priest (D:12)
  An orc wizard (D:9)
  8 gnolls
  A white imp (D:5)
  4 orcs
  2 goblins (D:3)
31 creatures vanquished.

Vanquished Creatures (others)
  5 dancing weapons
  An orc wizard (D:8)
  A gnoll (D:9)
  3 plants (D:5)
10 creatures vanquished.

Grand Total: 309 creatures vanquished

Notes
Turn   | Place    | Note
-------+----------+-------------------------------------------
     0 | D:1      | Anamonty the Vampire Enchanter began the quest for the Orb.
     0 | D:1      | Reached XP level 1. HP: 13/13 MP: 3/3
    69 | D:1      | Reached XP level 2. HP: 19/19 MP: 5/5
   481 | D:1      | Reached skill level 5 in Stealth
   489 | D:1      | Reached skill level 5 in Hexes
   566 | D:2      | Gained mutation: You are afflicted with vampirism and can
                  | become a bat while bloodless. [Vampire growth]
   566 | D:2      | Reached XP level 3. HP: 24/24 MP: 6/6
   689 | D:2      | Noticed Sigmund
   714 | D:1      | Learned a level 3 spell: Tukima's Dance
   718 | D:1      | Learned a level 3 spell: Confusing Touch
   733 | D:2      | Killed Sigmund
   734 | D:2      | Reached skill level 6 in Stealth
   734 | D:2      | Reached XP level 4. HP: 30/30 MP: 0/7
   734 | D:2      | Reached XP level 5. HP: 35/35 MP: 0/8
   824 | D:2      | Learned a level 2 spell: Ensorcelled Hibernation
   840 | D:2      | Noticed Jessica
   847 | D:2      | Killed Jessica
  1076 | D:2      | Found a runed translucent door.
  1077 | D:2      | Noticed Crazy Yiuf
  1219 | D:2      | Noticed Natasha
  1221 | D:2      | Killed Natasha
  1446 | D:2      | Noticed Natasha
  1452 | D:2      | Killed Natasha
  1453 | D:2      | Reached XP level 6. HP: 35/41 MP: 6/10
  1538 | D:2      | Killed Crazy Yiuf
  1695 | D:3      | Found a faded altar of an unknown god.
  1752 | D:3      | Reached skill level 7 in Stealth
  1994 | D:3      | Identified the +2 hand axe of the Hidden Vale {speed, SInv}
  2190 | D:3      | Found a radiant altar of Vehumet.
  2654 | D:4      | Reached XP level 7. HP: 46/46 MP: 11/11
  2762 | D:4      | Learned a level 3 spell: Dazzling Flash
  2884 | D:4      | Identified the scarf of a Gauntlet {+Inv, rPois Regen+
                  | Str-4}
  3048 | D:4      | Found Foomomen's Lightly-Used Armoury.
  3293 | D:5      | Entered Level 5 of the Dungeon
  3367 | D:5      | Reached skill level 8 in Stealth
  3367 | D:5      | Found a runed translucent gate.
  3371 | D:5      | Found a runed translucent gate.
  3479 | D:5      | Found a staircase to the Ecumenical Temple.
  3497 | Temple   | Entered the Ecumenical Temple
  3521 | Temple   | Became a worshipper of Gozag Ym Sagoz the Greedy
  3651 | D:5      | Noticed Pikel
  3662 | D:5      | Killed Pikel
  3663 | D:5      | Reached skill level 9 in Stealth
  3663 | D:5      | Reached XP level 8. HP: 47/52 MP: 5/14
  3883 | D:5      | Reached skill level 5 in Dodging
  3886 | D:5      | Reached skill level 10 in Stealth
  3890 | D:5      | Noticed a two-headed ogre
  3926 | D:5      | Killed a two-headed ogre
  3927 | D:5      | Reached skill level 5 in Short Blades
  3927 | D:5      | Reached skill level 11 in Stealth
  3927 | D:5      | Reached skill level 10 in Hexes
  3927 | D:5      | Reached XP level 9. HP: 24/57 MP: 3/15
  4133 | D:5      | Found a runed translucent gate.
  4158 | D:5      | Noticed nakedcarnage's ghost (novice OpCK)
  4386 | D:6      | Found Hecvaadgh's Distillery.
  4389 | D:6      | Found Poll's Antique Armour Shop.
  4390 | D:6      | Found Doxzam's Book Boutique.
  4393 | D:6      | Found Kust's Antique Armour Shoppe.
  4395 | D:6      | Bought a potion of brilliance for 52 gold pieces
  4395 | D:6      | Bought a potion of curing for 39 gold pieces
  4396 | D:6      | Found Sanuen's Distillery.
  4453 | D:6      | Found a snail-covered altar of Cheibriados.
  4708 | D:6      | Found a sparkling altar of Nemelex Xobeh.
  5172 | D:6      | HP: 1/57 [gnoll/+0 club[a gnoll bouda] (4)]
  5546 | D:6      | Bought a pair of glimmering gloves for 275 gold pieces
  5546 | D:6      | Identified the +2 pair of gloves of Ticheuneg {rPois rF-
                  | rN+ Int+5} (You bought it in a shop on level 6 of the
                  | Dungeon)
  5686 | D:7      | Noticed Prince Ribbit
  5696 | D:7      | Reached skill level 5 in Spellcasting
  5700 | D:7      | Killed Prince Ribbit
  5701 | D:7      | Reached skill level 12 in Stealth
  5794 | D:7      | Found a sand-covered staircase.
  5798 | Ossuary  | Entered an ossuary
  6155 | D:7      | Reached XP level 10. HP: 58/63 MP: 15/18
  6699 | D:7      | Noticed Menkaure
  6706 | D:7      | Killed Menkaure
  6843 | D:8      | Noticed Erica
  7087 | D:8      | Noticed a two-headed ogre
  7122 | D:8      | Killed a two-headed ogre
  7123 | D:8      | Reached skill level 13 in Stealth
  8291 | D:8      | Killed Erica
  8292 | D:8      | Reached skill level 14 in Stealth
  8394 | D:8      | Found a shimmering altar of Xom.
  8871 | D:8      | Reached XP level 11. HP: 63/68 MP: 13/20
  8915 | D:9      | Found a transporter.
  8977 | D:9      | Found a transporter.
  9175 | D:9      | Found an ornate altar of the Wu Jian Council.
  9360 | D:9      | Identified the +2 great mace "Kuyt" {heavy, rF- rC+++ Dex-5
                  | Stlth+}
  9360 | D:9      | Noticed a two-headed ogre
  9361 | D:9      | Noticed a two-headed ogre
  9363 | D:9      | Noticed iVAG's ghost (journeyman MiBe)
  9369 | D:9      | Noticed a two-headed ogre
  9369 | D:9      | Noticed a two-headed ogre
  9767 | D:10     | Entered Level 10 of the Dungeon
  9767 | D:10     | Noticed a two-headed ogre
  9769 | D:10     | Killed a two-headed ogre
  9891 | D:10     | Noticed Psyche
  9920 | D:10     | Killed Psyche
 10341 | D:10     | Found a shadowy altar of Dithmenos.
 10366 | D:10     | Reached skill level 15 in Stealth
 10588 | D:10     | Noticed a boulder beetle
 10600 | D:10     | Killed a boulder beetle
 10976 | D:11     | Found Pemunaps's Pet Rocks.
 11607 | D:12     | Noticed a deep elf pyromancer
 11611 | D:12     | Reached skill level 16 in Stealth
 11639 | D:12     | Killed a deep elf pyromancer
 11640 | D:12     | Reached skill level 15 in Hexes
 11756 | D:12     | Found a staircase to the Orcish Mines.
 11768 | D:12     | Noticed a purple ugly thing
 11790 | D:12     | Killed a purple ugly thing
 11875 | D:12     | Reached XP level 12. HP: 74/74 MP: 17/22
 12604 | D:13     | Noticed a centaur warrior
 12619 | D:13     | Killed a centaur warrior
 12752 | D:13     | Noticed a boulder beetle
 12772 | D:13     | Killed a boulder beetle
 12920 | D:13     | Noticed a two-headed ogre
 12961 | D:13     | Reached skill level 17 in Stealth
 13002 | D:13     | Killed a two-headed ogre
 13085 | D:13     | Noticed a six-headed hydra
 13096 | D:13     | Slain by a six-headed hydra

Illustrated notes

Levels and vault maps discovered:
D:1:      roderic_crossed_star, layout_basic
D:2:      layout_basic, basic_altar, uniq_jessica, uniq_sigmund,
          uniq_crazy_yiuf_cottage, uniq_natasha
D:3:      layout_basic, mainiacjoe_overflow_alcove_1,
          chequers_ecumenical_altar_simple, nicolae_eternal_life,
          minmay_ogre_servants
D:4:      layout_gridville, zin_treasury, hangedman_decor_lopped,
          minmay_shop_damaged
D:5:      layout_basic, minmay_temple_entry_overgrown,
          biasface_ghost_orc_armoury, minmay_manual_mullet, uniq_pikel
D:6:      layout_cave_pods, nicolae_overflow_crystal_walls,
          nemelex_spade_bored_becter, nicolae_shop_national_dungeon_mall
D:7:      layout_basic, enter_ossuary_5, uniq_prince_ribbit1, uniq_menkaure
D:8:      minmay_thinvault, layout_basic, nicolae_overflow_two_pavilions,
          enter_bailey_2, uniq_erica
D:9:      layout_basic, nicolae_overflow_hidden_temple, gammafunk_ghost_smash
D:10:     minmay_inner_zag, layout_stronghold, mainiacjoe_overflow_alcove_2,
          uniq_psyche
D:11:     layout_roguey, erik_lair_dragon, guppyfry_shop_earth
D:12:     layout_basic, erik_orc_4
D:13:     layout_roguey, david_vaults_5
Temple:   jpeg_temple_clearing

Skill      XL: |  1  2  3  4  5  6  7  8  9 10 11 12 |
---------------+-------------------------------------+-----
Stealth        | 5 6 7 9 11 12 14 16 17 | 17.1
Hexes          | 5 6 7 9 10 11 13 15 | 15.9
Short Blades   | 2 3 4 5 7 8 |  8.6
Dodging        | 3 4 5 6 7 8 9 |  9.1
Spellcasting   | 3 4 5 6 7 |  7.4

Action                     |  1- 3 |  4- 6 |  7- 9 | 10-12 || total
---------------------------+-------+-------+-------+-------++-------
  Melee: Dagger            |    99 |   175 |   311 |   559 ||  1144
         Bite              |     7 |    15 |    46 |    74 ||   142
         Punch             |     1 |     1 |     8 |    14 ||    24
   Cast: Tukima's Dance    |     2 |     3 |    17 |    60 ||    82
         Ensorcelled Hiber |       |    10 |    15 |    50 ||    75
         Confusing Touch   |       |     2 |    13 |    36 ||    51
         Dazzling Flash    |       |       |       |     3 ||     3
Ability: Exsanguinate      |       |       |     2 |       ||     2
    Use: Scroll            |       |       |     2 |     5 ||     7
         Potion            |       |       |     2 |     1 ||     3
   Stab: Sleeping          |     6 |    18 |    39 |    45 ||   108
         Confused          |       |     1 |    12 |    27 ||    40
         Distracted        |       |     1 |     2 |     3 ||     6
         Invisible         |       |       |     4 |     6 ||    10
 Armour: Robe              |    16 |    45 |    33 |    85 ||   179
  Dodge: Dodged            |    56 |   114 |   220 |   446 ||   836

Table legend: (Time is in decaauts)
 A = Elapsed time spent in this place.
 B = Non-inter-level travel time spent in this place.
 C = Inter-level travel time spent in this place.
 D = Time resting spent in this place.
 E = Time spent auto-exploring this place.
 F = Levels seen in this place.
 G = Mean time per level.
                   A        B        C        D        E       F      G
               +--------+--------+--------+--------+--------+-----+--------+
         Total |  12851 |  12466 |    385 |      0 |   9026 |  15 |  856.7 |
       Dungeon |  12497 |  12123 |    374 |      0 |   8807 |  13 |  961.3 |
        Temple |     49 |     38 |     11 |      0 |     27 |   1 |   49.0 |
       Ossuary |    304 |    304 |      0 |      0 |    192 |   1 |  304.0 |
               +--------+--------+--------+--------+--------+-----+--------+

Top non-repeatable levels by time:
     D:8: 1998 daAuts
    D:10: 1327 daAuts
     D:6: 1158 daAuts
     D:3: 1088 daAuts
     D:5: 1064 daAuts
     D:2: 1047 daAuts
     D:7: 978 daAuts
    D:12: 924 daAuts
     D:9: 814 daAuts
     D:1: 564 daAuts
     D:4: 554 daAuts
    D:11: 490 daAuts
    D:13: 484 daAuts
 Ossuary: 304 daAuts
  Temple: 49 daAuts
